 Dungeon Crawl Stone Soup version 0.29-a0-885-gb26ba3297d (webtiles) character file.

Game seed: 12776919750066764891

6 gobodom the Grave Robber (level 1, -3/13 HPs)
             Began as a Demonspawn Necromancer on July 20, 2022.
             Slain by a worm (7 damage)
             ... on level 1 of the Dungeon.
             The game lasted 00:01:13 (419 turns).

gobodom the Grave Robber (Demonspawn Necromancer)    Turns: 419, Time: 00:01:15

Health: -3/13      AC:  2    Str:  8    XL:     1   Next: 75%
Magic:  0/3        EV: 12    Int: 16    God:
Gold:   39         SH:  0    Dex: 13    Spells: 3/4 levels left

rFire   . . .      SeeInvis .   (no weapon)
rCold   . . .      Faith    .   (no shield)
rNeg    . . .      Spirit   .   a - +0 robe
rPois   .          Reflect  .   (no helmet)
rElec   .          Harm     .   (no cloak)
rCorr   .          Rampage  .   (no gloves)
Will    .....                   (no boots)
Stlth   ++........              (no amulet)
HPRegen 0.04/turn               (no ring)
MPRegen 0.08/turn               (no ring)

@: no status effects
A: no striking features
a: no special abilities


You were on level 1 of the Dungeon.
You visited 1 branch of the dungeon, and saw 1 of its levels.

You collected 39 gold pieces.

Inventory:

Armour
 a - a +0 robe (worn)
 c - an orb of energy
Scrolls
 d - a scroll of noise {unknown}
 f - a scroll of identify {unknown}
 g - a scroll of teleportation {unknown}
 h - 2 scrolls of silence {unknown}
Potions
 b - a potion of magic
 e - a potion of heal wounds {unknown}


   Skills:
 + Level 1.7 Dodging
 + Level 1.8 Stealth
 + Level 2.1 Spellcasting
 + Level 4.5 Necromancy
 * Level 0.4 Evocations


You had 3 spell levels left.
You knew the following spells:

 Your Spells              Type           Power      Damage    Failure   Level
a - Necrotise             Necr           64%        1d7       3%          1

Your spell library contained the following spells:

 Spells                   Type           Power      Damage    Failure   Level
 Vampiric Draining        Necr           16%        2d7       10%         3
 Animate Dead             Necr           16%        N/A       30%         4
 Agony                    Necr           16%        N/A       65%         5


Dungeon Overview and Level Annotations

Branches:
Dungeon (1/15)

Altars:


Message History

You kill the rat!
The dead are walking!
Your rat skeleton crumbles into dust!
Your rat skeleton crumbles into dust!
f - a scroll labelled UBLODE GIPRU You see here a +0 dagger.
Found 5 stones.
Found a ring mail.
g - a scroll labelled HUYLUL LODYKH You see here a +0 ring mail.
You now have 39 gold pieces (gained 12).
A giant cockroach comes into view.
The giant cockroach writhes in agony.
The giant cockroach barely resists.
The giant cockroach writhes in agony.
You kill the giant cockroach!
A ball python comes into view.
Found 2 scrolls labelled CALUUG BERIN.
You can't see any susceptible monsters within range! (Use Z to cast anyway.)
Found a stone staircase leading down.
The ball python barely resists.
The ball python writhes in agony!
You kill the ball python!
The dead are slithering!
h - 2 scrolls labelled CALUUG BERIN
There is a stone staircase leading down here.
Your ball python skeleton crumbles into dust!
Found a stone staircase leading down.
A worm comes into view.
The worm writhes in agony!
The worm writhes in agony!
The worm barely resists.
The worm bites you!
Ouch! That really hurt!
You hit the worm.
The worm is severely wounded.
You hit the worm.
The worm is almost dead.
The worm bites you!
Ouch! That really hurt!
You die...

............# ####..
......>.....# #..
............# #### #..
............##### #...#
#.. ................#
#..... +..
#.#############.##...^...
#.. #.# #.#^........ #..
..# #.#.........# #..
#### #.@w^...^. ..####..
...# ###...>..^ #..##..
##.# ....... #..##..
#.######### #....^.
#..'... ##.........#
#..... #..####
.#.........#
##.#####..####
.#.........# ###.........
.#.........######
#.........
.#.........##...#
#.......[.


You could see a worm.

Vanquished Creatures
  A giant cockroach (D:1)
  A quokka (D:1)
  A ball python (D:1)
  4 rats (D:1)
7 creatures vanquished.

Notes
Turn   | Place    | Note
-------+----------+-------------------------------------------
     0 | D:1      | gobodom the Demonspawn Necromancer began the quest for the
                  | Orb.
     0 | D:1      | Reached XP level 1. HP: 13/13 MP: 3/3
    30 | D:1      | Found a faded altar of an unknown god.
   419 | D:1      | Slain by a worm

Illustrated notes

Levels and vault maps discovered:
D:1:      tarquinn_simple_flora_water_a, layout_basic,
          ebering_ecumenical_altar_webs, nicolae_wormholes

Action                   || total
-------------------------++-------
Melee: Unarmed           ||     2
 Cast: Necrotise         ||    15
Dodge: Dodged            ||     1

Table legend: (Time is in decaauts)
 A = Elapsed time spent in this place.
 B = Non-inter-level travel time spent in this place.
 C = Inter-level travel time spent in this place.
 D = Time resting spent in this place.
 E = Time spent auto-exploring this place.
 F = Levels seen in this place.
 G = Mean time per level.
                   A        B        C        D        E       F      G
               +--------+--------+--------+--------+--------+-----+--------+
         Total |    419 |    419 |      0 |      0 |    368 |   1 |  419.0 |
       Dungeon |    419 |    419 |      0 |      0 |    368 |   1 |  419.0 |
               +--------+--------+--------+--------+--------+-----+--------+

Top non-repeatable levels by time:
     D:1: 419 daAuts
